 Dungeon Crawl Stone Soup version 0.21-a0-426-g98080a9 (webtiles) character file.

55603 theanonym the Thaumaturge (level 14, -3/102 HPs)
             Began as an Octopode Fire Elementalist on Nov 7, 2017.
             Was a High Priest of Vehumet.
             Slain by a freezing wraith (19 damage)
             ... on level 12 of the Dungeon.
             The game lasted 01:51:47 (27781 turns).

theanonym the Thaumaturge (OpFE)                   Turns: 27781, Time: 01:51:47

Health: -3/102     AC:  6    Str:  8    XL:     14   Next: 78%
Magic:  1/39       EV: 22    Int: 22    God:    Vehumet [*****.]
Gold:   1027       SH: 13    Dex: 12    Spells: 18/38 levels left

rFire    + + .     SeeInvis .   a - +6 dagger (holy)
rCold    . . .     Gourm    .   d - +2 buckler {rF+}
rNeg     + . .     Faith    .   T - +2 hat
rPois    +         Spirit   .   Q - brooch of Shielding {Reflect SH+8}
rElec    .         Reflect  +   I - +4 ring of evasion
rCorr    +         Harm     .   j - ring of fire {rF+, rC-}
MR       +....                  y - ring of protection from cold {rC+}
Stlth    +++.......             W - ring of poison resistance {rPois}
HPRegen  0.27/turn              D - ring of magical power {MP+9}
MPRegen  0.26/turn              k - +3 ring of protection
                                V - ring of resist corrosion
                                g - ring of Woighaess {rCorr rPois rN+}

@: slowed, very slow
A: almost no armour, stealthy swim, amphibious, 8 rings, constrict 8, camouflage
1, gelatinous body 1
a: Renounce Religion


Innate Abilities, Weirdness & Mutations

You cannot wear most types of armour.
You are very stealthy in the water. (Stealth+)
You are amphibious.
You can wear up to eight rings at the same time.
You can use your tentacles to constrict eight enemies at once.
Your skin changes colour to match your surroundings (Stealth+).
Your rubbery body absorbs attacks. (AC +1, EV +1)


   Skills:
 + Level 11.7 Fighting
 - Level 10.0 Dodging
 - Level 2.6 Stealth
 * Level 12.6 Spellcasting
 - Level 11.3 Conjurations
 - Level 11.1 Fire Magic


You had 18 spell levels left.
You knew the following spells:

 Your Spells              Type           Power        Failure   Level  Hunger
a - Fireball              Conj/Fire      #######...   1%          5    ####...
b - Sticky Flame          Conj/Fire      #######.     1%          4    None
c - Conjure Flame         Conj/Fire      #######.     1%          3    None
d - Passwall              Tmut/Erth      ##........   12%         2    None
e - Bolt of Magma         Conj/Fire/Erth ######....   2%          5    ####...
f - Flame Tongue          Conj/Fire      #####        1%          1    None

Skill      XL: |  1  2  3  4  5  6  7  8  9 10 11 12 13 14 |
---------------+-------------------------------------------+-----
Conjurations   | 2 3 4 5 6 9 10 11 | 11.3
Spellcasting   | 3 4 5 6 8 10 12 | 12.6
Fire Magic     | 4 5 7 9 10 11 | 11.1
Fighting       | 5 8 10 11 | 11.7
Dodging        | 4 8 10 | 10.0
Stealth        | |  2.6

Action                   |  1- 3 |  4- 6 |  7- 9 | 10-12 | 13-15 || total
-------------------------+-------+-------+-------+-------+-------++-------
Melee: Short sword       |     2 |       |       |       |       ||     2
       Constrict         |     2 |     6 |     3 |    11 |    23 ||    45
       Dagger            |     3 |    26 |    35 |    63 |   155 ||   282
       Tentacles         |     2 |     6 |     8 |    12 |    36 ||    64
Throw: Throwing net      |       |       |     2 |       |       ||     2
 Cast: Flame Tongue      |    42 |    64 |   289 |   347 |    29 ||   771
       Sticky Flame      |       |     5 |    29 |    53 |    55 ||   142
       Conjure Flame     |       |     2 |    10 |     6 |     1 ||    19
       Fireball          |       |       |       |    91 |   237 ||   328
       Bolt of Magma     |       |       |       |     7 |    13 ||    20
       Passwall          |       |       |       |       |     1 ||     1
Evoke: Phial of floods   |       |       |       |     1 |     1 ||     2
       Wand              |       |       |       |       |     8 ||     8
  Use: Scroll            |     1 |     2 |     9 |    16 |    11 ||    39
       Potion            |     1 |       |     4 |     1 |     1 ||     7
 Stab: Sleeping          |       |       |     1 |       |       ||     1
  Eat: Meat ration       |     1 |     1 |     2 |     1 |     1 ||     6
       Chunk             |       |     2 |     5 |    25 |    25 ||    57
       Bread ration      |       |       |     3 |     5 |     7 ||    15
       Fruit             |       |       |       |       |     2 ||     2
       Royal jelly       |       |       |       |       |     1 ||     1
Armor: Skin              |     3 |       |     5 |     6 |    19 ||    33
Dodge: Dodged            |    17 |    29 |   153 |   120 |   235 ||   554
Block: Buckler           |       |       |       |    24 |    96 ||   120
       Reflection        |       |       |       |       |     1 ||     1

Inventory:

Hand Weapons
 a - a +6 dagger of holy wrath (weapon)
   (You took it off an orc wizard on level 8 of the Dungeon)
 n - a +1 hunting sling of velocity
   (You found it in a labyrinth)
Missiles
 e - 2 throwing nets (quivered)
Armour
 d - a +2 buckler of fire resistance (worn)
   (You took it off an orc wizard on level 8 of the Dungeon)
 T - a +2 hat (worn)
   (You found it on level 5 of the Lair of Beasts)
Jewellery
 g - the ring of Woighaess (on tentacle) {rCorr rPois rN+}
   (You acquired it on level 5 of the Lair of Beasts)

   [ring of resist corrosion]

   It protects you from poison.
   It protects you from negative energy.
 j - a ring of fire (right tentacle) {rF+, rC-}
   (You found it on level 6 of the Dungeon)
 k - a +3 ring of protection (on tentacle)
   (You found it in an ice cave)
 u - a +4 ring of dexterity
   (You found it on level 4 of the Dungeon)
 y - a ring of protection from cold (on tentacle) {rC+}
   (You found it on level 5 of the Dungeon)
 A - an uncursed ring of ice {rC+, rF-}
   (You found it on level 10 of the Dungeon)
 D - a ring of magical power (on tentacle) {MP+9}
   (You bought it in a shop on level 7 of the Dungeon)
 I - a +4 ring of evasion (left tentacle)
   (You found it on level 2 of the Dungeon)
 Q - the brooch of Shielding (around mantle) {Reflect SH+8}
   (You found it on level 4 of the Lair of Beasts)

   [amulet of reflection]

   It shields you and reflects attacks.
   It affects your SH (+8).
 S - the ring "Estow" {-Tele MR+ EV+3 Int+2}
   (You took it off a minotaur in a labyrinth)

   [ring of evasion]

   It affects your evasion (+3).
   It affects your intelligence (+2).
   It affects your resistance to hostile enchantments.
   It prevents most forms of teleportation.
 V - a ring of resist corrosion (on tentacle)
   (You found it in a labyrinth)
 W - a ring of poison resistance (on tentacle) {rPois}
   (You found it in a labyrinth)
Wands
 h - a wand of digging (8/24)
   (You found it on level 2 of the Dungeon)
 B - a wand of confusion (8/48)
   (You found it on level 7 of the Dungeon)
 F - a wand of digging (14/24)
   (You found it on level 9 of the Dungeon)
 L - a wand of iceblast (11/15)
   (You found it on level 11 of the Dungeon)
 N - a wand of lightning (0/15)
   (You found it on level 12 of the Dungeon)
 R - a wand of enslavement (8/24)
   (You found it on level 12 of the Dungeon)
 X - a wand of flame (18/48)
   (You found it in a labyrinth)
Scrolls
 b - 4 scrolls of remove curse
 c - 3 scrolls of recharging
 f - 2 scrolls of fog {!r}
 m - a scroll of fear {!r}
 r - a scroll of identify
 t - 4 scrolls of teleportation {!r}
 O - 2 scrolls of enchant armour
Potions
 i - 2 potions of agility
 o - 2 potions of haste
 q - 3 potions of heal wounds
 v - 3 potions of cancellation
 x - a potion of brilliance
 z - 2 potions of magic
 E - 3 potions of ambrosia
 J - 7 potions of curing
 M - 3 potions of mutation
Books
 p - a book of Conjurations
   (You found it on level 3 of the Dungeon)

   Spells                             Type                      Level
   a - Magic Dart                     Conjuration                  1
   b - Searing Ray                    Conjuration                  2
   c - Dazzling Spray                 Conjuration/Hexes            3
   d - Fulminant Prism                Conjuration/Hexes            4
   e - Force Lance                    Conjuration/Translocation    4
   f - Iskenderun's Mystic Blast      Conjuration                  4
 w - a book of Flames

   Spells                             Type                      Level
   a - Flame Tongue                   Conjuration/Fire             1
   b - Throw Flame                    Conjuration/Fire             2
   c - Conjure Flame                  Conjuration/Fire             3
   d - Inner Flame                    Hexes/Fire                   3
   e - Sticky Flame                   Conjuration/Fire             4
   f - Fireball                       Conjuration/Fire             5
 C - a book of Callings
   (You found it on level 7 of the Dungeon)

   Spells                             Type                      Level
   a - Summon Small Mammal            Summoning                    1
   b - Call Imp                       Summoning                    2
   c - Call Canine Familiar           Summoning                    3
   d - Summon Guardian Golem          Hexes/Summoning              3
   e - Summon Lightning Spire         Summoning/Air                4
   f - Summon Ice Beast               Ice/Summoning                4
 G - a book of Changes
   (You found it on level 8 of the Dungeon)

   Spells                             Type                      Level
   a - Beastly Appendage              Transmutation                1
   b - Sticks to Snakes               Transmutation                2
   c - Spider Form                    Transmutation/Poison         3
   d - Ice Form                       Ice/Transmutation            4
   e - Blade Hands                    Transmutation                5
 K - a book of Geomancy
   (You found it on level 12 of the Dungeon)

   Spells                             Type                      Level
   a - Sandblast                      Earth                        1
   b - Passwall                       Transmutation/Earth          2
   c - Stone Arrow                    Conjuration/Earth            3
   d - Petrify                        Transmutation/Earth          4
   e - Lee's Rapid Deconstruction     Earth                        5
 P - a book of Misfortune
   (You found it on level 3 of the Lair of Beasts)

   Spells                             Type                      Level
   a - Confusing Touch                Hexes                        1
   b - Confuse                        Hexes                        3
   c - Gell's Gravitas                Translocation                3
   d - Petrify                        Transmutation/Earth          4
   e - Metabolic Englaciation         Hexes/Ice                    5
   f - Yara's Violent Unravelling     Hexes/Transmutation          5
Miscellaneous
 H - a phial of floods (inert)
   (You found it on level 10 of the Dungeon)
Comestibles
 l - 3 royal jellies
 s - a fruit
 U - 2 chunks of flesh

Dungeon Overview and Level Annotations

Branches:
Dungeon (12/15)            Temple (1/1) D:5            Lair (6/6) D:8
 Shoals (0/4) Lair:2       Spider (0/4) Lair:4        Slime (0/5) Lair:6
    Orc (0/2) D:12

Altars:
Ashenzari
Cheibriados
Dithmenos
Elyvilon
Fedhas
Gozag
Hepliaklqana
Kikubaaqudgha
Makhleb
Nemelex Xobeh
Okawaru
Qazlal
Ru
Sif Muna
Trog
Uskayaw
Vehumet
Wu Jian
Xom
Yredelemnul
Zin
The Shining One
Jiyva

Shops:
D:7 =   D:10 *   D:12 [

Annotations:
D:5 1 exclusion


You were on level 12 of the Dungeon.
You worshipped Vehumet.
Vehumet was extremely pleased with you.
You were hungry.

You visited 3 branches of the dungeon, and saw 19 of its levels.
You also visited: Labyrinth and Ice Cave.

You collected 1335 gold pieces.
You spent 308 gold pieces at shops.


Message History

U - 3 chunks of flesh Eating one of 3 chunks of flesh.
You eat one of the 3 chunks of flesh.
You are feeling hungry.
A hippogriff comes into view.
Eat one of 2 chunks of flesh? (ye/n/q)
Okay, then.
Aim: a hippogriff You feel a surge of power!
The fireball explodes!
The fireball engulfs the hippogriff.
* * * LOW MAGIC WARNING * * *
You hear a horrible gurgling sound!
You hear a shout!
A crimson imp and a freezing wraith come into view.
You now have 17/39 mp.
Unknown command.
Put on which piece of jewellery? (? for menu, Esc to quit)
Okay, then.
Unknown command.
Things that are here:
a dagger of venom; an orc corpse
Aim: a hippogriff (moderately wounded)
You feel a surge of power!
The sticky flame hits the hippogriff.
The hippogriff is covered in liquid flames!
* * * LOW MAGIC WARNING * * *
The hippogriff burns!
You block the hippogriff's attack. The hippogriff closely misses you.
You block the hippogriff's attack.
You now have 15/39 mp.
You hit the hippogriff.
The hippogriff burns!
The hippogriff closely misses you. The hippogriff completely misses you.
You block the hippogriff's attack.
You hit the hippogriff.
The hippogriff burns!
You block the hippogriff's attack.
The hippogriff completely misses you. x2
You puncture the hippogriff!
You kill the hippogriff!
Vehumet accepts your kill.
You feel your power returning.
You regained 3 mp, and now have 18/39 mp.
Aim: a freezing wraith You feel a surge of power!
The sticky flame hits the freezing wraith.
The freezing wraith is burned terribly!
* * * LOW MAGIC WARNING * * *
The freezing wraith closely misses you. The freezing wraith barely misses you.
You now have 14/39 mp.
Aim: a freezing wraith (heavily damaged)
You feel a surge of power!
The sticky flame hits the freezing wraith.
The freezing wraith is burned terribly!
* * * LOW MAGIC WARNING * * *
The freezing wraith hits you but does no damage.
The freezing wraith barely misses you.
You now have 10/39 mp.
You hit the freezing wraith.
The freezing wraith convulses.
The freezing wraith hits you. The freezing wraith freezes you!
You block the freezing wraith's attack.
You take 9 damage, and have 88/102 hp.
Aim: a freezing wraith (severely damaged)
You feel a surge of power!
The sticky flame hits the freezing wraith.
The freezing wraith appears unharmed.
* * * LOW MAGIC WARNING * * *
The freezing wraith completely misses you.
The freezing wraith barely misses you.
You now have 7/39 mp.
You barely miss the freezing wraith. You squeeze the freezing wraith.
You block the freezing wraith's attack. The freezing wraith closely misses you.
You hit the freezing wraith but do no damage.
The freezing wraith hits you. The freezing wraith freezes you!
The freezing wraith hits you. The freezing wraith drains your vigour!
You feel yourself slow down.
You take 23 damage, and have 66/102 hp.
MASSIVE DAMAGE!!
Aim: a freezing wraith (almost destroyed)
You feel a surge of power!
The sticky flame hits the freezing wraith.
The freezing wraith is burned terribly!
* * * LOW MAGIC WARNING * * *
The freezing wraith completely misses you.
You block the freezing wraith's attack.
You now have 4/39 mp.
You hit the freezing wraith but do no damage.
You squeeze the freezing wraith, but do no damage.
The freezing wraith barely misses you. You block the freezing wraith's attack.
The freezing wraith hits you! The freezing wraith freezes you!!
* * * LOW HITPOINT WARNING * * *
The freezing wraith hits you!
* * * LOW HITPOINT WARNING * * *
The freezing wraith drains your vigour!
You feel as though you will be slow longer.
You take 40 damage, and have 26/102 hp.
MASSIVE DAMAGE!!
Unknown command.
Unknown command.
Unknown command.
Aim: a freezing wraith (almost destroyed)
You feel a surge of power!
The sticky flame hits the freezing wraith.
The freezing wraith is burned terribly!
* * * LOW MAGIC WARNING * * *
The freezing wraith hits you!
* * * LOW HITPOINT WARNING * * *
The freezing wraith freezes you!!
You die...

#.* #......####
#.########.####.#
#).........# #.#
#..........# #.#
#.....(....####.#***
#............)...,,,
#####)###........,,,
##W## #.......5,,*
##@## #.##)....,,*
##.######.#,.W...,,,
#.)........,,..##,,,
#..######..#,,..#*,,,
#.#.* *,.#,,,,,,,,,
###.* *,,**,,,,,,,,
#.* *,,**,,**,,,,
*******#.*
*,,**,,**,,,,
*,,,,,*#.*
*,,,,,,,,,,,,


You could see a freezing wraith.

Notes
Turn   | Place    | Note
-------+----------+-------------------------------------------
     0 | D:1      | theanonym the Octopode Fire Elementalist began the quest for the Orb.
     0 | D:1      | Reached XP level 1. HP: 11/11 MP: 3/3
   272 | D:1      | Reached XP level 2. HP: 17/17 MP: 0/5
  1096 | D:2      | Noticed Terence
  1103 | D:2      | HP: 7/17 [Terence/short sword (5)]
  1110 | D:2      | HP: 5/17 [Terence/short sword (3)]
  1124 | D:2      | HP: 2/17 [Terence/short sword (3)]
  1127 | D:2      | Killed Terence
  1127 | D:2      | Reached skill level 2 in Conjurations
  1127 | D:2      | Reached XP level 3. HP: 3/21 MP: 0/6
  1667 | D:2      | Learned a level 3 spell: Conjure Flame
  1672 | D:2      | Reached XP level 4. HP: 22/27 MP: 2/8
  1678 | D:2      | Learned a level 4 spell: Sticky Flame
  1852 | D:2      | Noticed Natasha
  1889 | D:2      | Noticed Sigmund
  2536 | D:3      | Found a deep blue altar of Sif Muna.
  2536 | D:3      | Found a sparkling altar of Nemelex Xobeh.
  2536 | D:3      | Found a bloodstained altar of Trog.
  2542 | D:3      | Reached skill level 3 in Spellcasting
  2544 | D:3      | Reached skill level 4 in Fire Magic
  2654 | D:3      | Reached XP level 5. HP: 31/31 MP: 3/9
  3313 | D:3      | Reached skill level 3 in Conjurations
  3321 | D:3      | HP: 5/31 [orc wizard/club (12)]
  3371 | D:3      | HP: 8/31 [orc/short sword (2)]
  3742 | D:4      | Found a snail-covered altar of Cheibriados.
  3758 | D:4      | Reached XP level 6. HP: 22/36 MP: 2/11
  3817 | D:2      | HP: 17/36 [Natasha/magic dart (10)]
  3818 | D:2      | Killed Natasha
  3991 | D:2      | Killed Sigmund
  3991 | D:2      | Reached skill level 4 in Spellcasting
  3991 | D:2      | Reached skill level 4 in Conjurations
  4120 | D:4      | Learned a level 5 spell: Fireball
  4334 | D:4      | Found an opulent altar of Gozag.
  4414 | D:4      | Reached skill level 5 in Fire Magic
  4414 | D:4      | Reached XP level 7. HP: 40/41 MP: 7/13
  4483 | D:4      | Found a shimmering altar of Xom.
  5156 | D:5      | Entered Level 5 of the Dungeon
  5237 | D:5      | Noticed JackS81's ghost (novice DgTm)
  5256 | D:5      | HP: 17/41 [JackS81's ghost (5)]
  5695 | D:5      | Found a staircase to the Ecumenical Temple.
  5715 | Temple   | Entered the Ecumenical Temple
  5829 | Temple   | Became a worshipper of Vehumet
  6324 | D:5      | HP: 17/41 [scorpion (7)]
  6330 | D:5      | HP: 15/41 [bullfrog (6)]
  6339 | D:5      | Reached skill level 5 in Conjurations
  6339 | D:5      | Reached XP level 8. HP: 17/46 MP: 1/15
  6351 | D:5      | HP: 15/46 [crimson imp (3)]
  6357 | D:5      | Reached skill level 5 in Spellcasting
  6586 | D:6      | Reached skill level 6 in Fire Magic
  6879 | D:6      | Noticed kae's ghost (novice DrTm)
  6908 | D:6      | HP: 22/46 [kae's ghost (15)]
  7475 | D:5      | HP: 21/46 [JackS81's ghost (6)]
  7899 | D:6      | Reached skill level 6 in Conjurations
  8167 | D:6      | HP: 20/46 [kae's ghost (13)]
  8401 | D:5      | HP: 21/46 [JackS81's ghost (6)]
  8431 | D:5      | HP: 19/46 [JackS81's ghost (7)]
  8449 | D:5      | HP: 22/46 [JackS81's ghost (2)]
  8455 | D:5      | Killed JackS81's ghost
  8455 | D:5      | Reached skill level 7 in Fire Magic
  8672 | D:7      | Reached XP level 9. HP: 51/51 MP: 3/16
  8675 | D:7      | Reached skill level 7 in Conjurations
  8901 | D:7      | Reached * piety under Vehumet
  8901 | D:7      | Offered knowledge of Freeze by Vehumet.
  9040 | D:7      | Reached skill level 8 in Fire Magic
  9431 | D:7      | Found Guihacvy's Jewellery Boutique.
  9609 | D:7      | Bought an uncursed ring of magical power for 280 gold pieces
  9631 | D:7      | HP: 25/51 [centaur (10)]
  9835 | D:7      | Reached skill level 8 in Conjurations
 10393 | D:6      | HP: 20/51 [kae's ghost (12)]
 10394 | D:6      | Killed kae's ghost
 10394 | D:6      | Reached skill level 9 in Fire Magic
 10964 | D:8      | Found a shadowy altar of Dithmenos.
 11091 | D:8      | Reached skill level 9 in Conjurations
 11092 | D:8      | Noticed Grum
 11102 | D:8      | Reached XP level 10. HP: 49/56 MP: 11/17
 11430 | D:8      | Killed Grum
 11430 | D:8      | Reached skill level 1 in Fighting
 11617 | D:8      | Reached skill level 2 in Fighting
 11689 | D:8      | Offered knowledge of Throw Frost by Vehumet.
 11691 | D:8      | Reached ** piety under Vehumet
 11898 | D:8      | Found a staircase to the Lair.
 12032 | D:8      | Reached skill level 10 in Fire Magic
 12261 | D:9      | Reached skill level 3 in Fighting
 12553 | D:9      | Noticed a two-headed ogre
 12560 | D:9      | Killed a two-headed ogre
 12560 | D:9      | Reached skill level 4 in Fighting
 12560 | D:9      | Reached skill level 10 in Conjurations
 12674 | D:9      | Offered knowledge of Static Discharge by Vehumet.
 12707 | D:9      | Reached skill level 5 in Fighting
 13283 | D:9      | Found a deep blue altar of Sif Muna.
 13520 | D:10     | Entered Level 10 of the Dungeon
 13580 | D:8      | Reached skill level 6 in Spellcasting
 13580 | D:8      | Reached XP level 11. HP: 72/72 MP: 20/20
 13774 | Lair:1   | Entered Level 1 of the Lair of Beasts
 13791 | D:8      | Reached *** piety under Vehumet
 13791 | D:8      | Reached skill level 6 in Fighting
 14379 | D:10     | Offered knowledge of Airstrike by Vehumet.
 14385 | D:10     | Reached skill level 7 in Spellcasting
 14483 | D:10     | Found Viodatti's General Store.
 14496 | D:10     | Reached skill level 7 in Fighting
 14523 | D:10     | Bought a scroll of identify for 28 gold pieces
 14979 | D:11     | Noticed a two-headed ogre
 14985 | D:11     | Killed a two-headed ogre
 15229 | D:11     | Reached **** piety under Vehumet
 15394 | D:11     | Noticed a centaur warrior
 15401 | D:11     | Killed a centaur warrior
 15401 | D:11     | Reached skill level 8 in Fighting
 15401 | D:11     | Reached skill level 3 in Dodging
 15612 | D:11     | Offered knowledge of Bolt of Magma by Vehumet.
 15623 | D:11     | Learned a level 5 spell: Bolt of Magma
 15638 | D:11     | Reached skill level 8 in Spellcasting
 15996 | D:11     | Noticed a seven-headed hydra
 16067 | D:11     | Reached skill level 4 in Dodging
 16213 | D:11     | Reached XP level 12. HP: 68/84 MP: 18/24
 16470 | D:11     | Reached skill level 5 in Dodging
 16490 | D:11     | Reached skill level 9 in Fighting
 16717 | D:11     | Killed a seven-headed hydra
 16974 | Lair:1   | Reached skill level 9 in Spellcasting
 17420 | Lair:1   | Reached ***** piety under Vehumet
 17420 | Lair:1   | Offered knowledge of Lightning Bolt by Vehumet.
 17582 | Lair:1   | Noticed a four-headed hydra
 17586 | Lair:1   | Killed a four-headed hydra
 17586 | Lair:1   | Reached skill level 6 in Dodging
 18121 | Lair:2   | Found a staircase to the Shoals.
 18699 | Lair:2   | Reached skill level 10 in Fighting
 18951 | Lair:2   | Reached skill level 7 in Dodging
 19519 | Lair:3   | Reached skill level 10 in Spellcasting
 19557 | Lair:3   | Found a frozen archway.
 19566 | IceCv    | Entered an ice cave
 19692 | IceCv    | Reached skill level 8 in Dodging
 19692 | IceCv    | Reached XP level 13. HP: 92/92 MP: 21/27
 20046 | IceCv    | Reached skill level 9 in Dodging
 20360 | IceCv    | Reached skill level 10 in Dodging
 20708 | IceCv    | HP: 40/92 [something (10)]
 20736 | IceCv    | HP: 40/92 [something (7)]
 20997 | IceCv    | Noticed a frost giant
 21228 | IceCv    | HP: 44/92 [frost giant/battleaxe of freezing (10)]
 21229 | IceCv    | Killed a frost giant
 22767 | Lair:4   | Found a hole to the Spider Nest.
 23088 | Lair:4   | Reached skill level 11 in Conjurations
 23603 | Lair:3   | Reached XP level 14. HP: 52/99 MP: 18/28
 24027 | Lair:4   | Reached skill level 11 in Fire Magic
 24229 | Lair:4   | Reached skill level 11 in Spellcasting
 24985 | Lair:4   | Found the brooch of Shielding {Reflect SH+8}
 25721 | Lair:5   | Noticed Urug
 25738 | Lair:5   | Killed Urug
 25738 | Lair:5   | Reached skill level 11 in Fighting
 26155 | Lair:6   | Entered Level 6 of the Lair of Beasts
 26158 | Lair:6   | Offered knowledge of Iskenderun's Battlesphere by Vehumet.
 26509 | Lair:6   | Found a viscous altar of Jiyva.
 26510 | Lair:6   | Found a staircase to the Slime Pits.
 26547 | Lair:5   | Identified a scroll of acquirement
 26548 | Lair:5   | Got a heavily runed silver ring
 26549 | Lair:5   | Identified the ring of Woighaess {rCorr rPois rN+} (You acquired it on level 5 of the Lair of Beasts)
 26783 | D:11     | Reached skill level 12 in Spellcasting
 26991 | D:12     | HP: 43/101 [two-headed ogre/giant club (9)]
 27007 | D:12     | Found Qax Sag's Armour Boutique.
 27095 | D:12     | Found a labyrinth entrance.
 27102 | Lab      | Entered a labyrinth
 27243 | Lab      | Learned a level 2 spell: Passwall
 27496 | Lab      | HP: 48/101 [minotaur/great sword of electrocution (3)]
 27499 | Lab      | Got a scorched marble ring
 27507 | Lab      | Got a brightly glowing broad axe
 27508 | Lab      | Identified the +2 broad axe of Responsibility {protect, +Rage rC++} (You found it in a labyrinth)
 27705 | D:12     | Identified the ring "Estow" {-Tele MR+ EV+3 Int+2} (You took it off a minotaur in a labyrinth)
 27780 | D:12     | HP: 36/102 [freezing wraith (18)]
 27781 | D:12     | HP: 16/102 [freezing wraith (10)]
 27781 | D:12     | Slain by a freezing wraith

Vanquished Creatures
  A frost giant (IceCv)
  A minotaur (Lab)
  5 hydras
  A catoblepas (Lair:4)
  A centaur warrior (D:11)
  2 death yaks
  3 two-headed ogres
  Urug (Lair:5)
  The ghost of kae the Ruffian, a novice DrTm of Wu Jian (D:6)
  An orc knight (D:12)
  A wolf spider zombie (D:12)
  A harpy (Lair:6)
  An orb spider (Lair:4)
  2 black mambas
  A centaur zombie (D:12)
  A gargoyle (D:12)
  6 elephants
  9 spiny frogs
  The ghost of JackS81 the Changer, a novice DgTm (D:5)
  A torpor snail (Lair:3)
  3 rime drakes
  A kobold demonologist (D:10)
  5 komodo dragons
  2 trolls
  17 polar bears
  A queen bee (Lair:4)
  3 meliai
  A hornet (Lair:6)
  9 blink frogs
  9 hippogriffs
  2 shadows (D:12)
  Sigmund (D:2)
  A spriggan (D:9)
  A wyvern (Lair:4)
  49 yaks
  4 basilisks
  Grum (D:8)
  A warg (D:11)
  10 hungry ghosts
  6 porcupines
  29 water moccasins
  A swamp drake (D:11)
  5 orc warriors
  5 sky beasts
  3 black bears
  10 ice beasts
  A phantom (D:7)
  2 necrophages
  An ogre (D:8)
  An eye of draining (D:11)
  25 wolves
  6 centaurs
  12 crocodiles
  15 big kobolds
  14 bullfrogs
  A gnoll sergeant (D:11)
  4 scorpions
  38 killer bees
  5 wights (D:9)
  7 electric eels
  4 howler monkeys
  6 crimson imps
  4 quasits
  A wyvern simulacrum (D:12)
  12 hounds
  2 jellies
  8 orc priests
  6 bullfrog skeletons
  2 iguanas
  10 orc wizards
  Terence (D:2)
  Natasha (D:2)
  2 hell rats (Lair:4)
  8 worker ants
  2 hound zombies
  A hound skeleton (D:11)
  A worker ant zombie (D:10)
  A howler monkey skeleton (D:6)
  19 adders
  10 gnolls
  A shadow imp (D:8)
  2 oozes
  2 adder zombies
  3 adder skeletons
  4 worms
  3 dart slugs
  7 leopard geckos
  39 orcs
  3 bats
  3 giant cockroaches
  6 hobgoblins
  7 jackals
  6 quokkas
  3 frilled lizards
  6 goblins
  2 jackal skeletons
  10 kobolds
  2 leopard gecko skeletons
  A leopard gecko zombie (D:7)
  A rat (D:2)
  A fungus (Lair:1)
  A plant (Lair:6)
567 creatures vanquished.

Vanquished Creatures (collateral kills)
  A hungry ghost (Lab)
1 creature vanquished.

Vanquished Creatures (others)
  2 polar bears (IceCv)
  2 gnolls (D:4)
  A leopard gecko (D:1)
  A frilled lizard (D:4)
  10 fungi
  7 plants
23 creatures vanquished.

Grand Total: 591 creatures vanquished
